 Dungeon Crawl Stone Soup version 0.26-a0-651-gb41185065b (webtiles) character file.

Game seed: 12652056057392143146

42856 lunkers the Fighter (level 13, -4/125 HPs)
             Began as a Pale Draconian Transmuter on Sept 28, 2020.
             Was an Initiate of Gozag.
             Slain by Snorg (21 damage)
             ... on level 6 of the Lair of Beasts.
             The game lasted 00:27:37 (23671 turns).

lunkers the Fighter (Pale Draconian Transmuter)    Turns: 23671, Time: 00:27:38

Health: -4/125     AC: 12    Str: 13    XL:     13   Next: 87%
Magic:  15/16      EV: 23    Int: 18    God:    Gozag
Gold:   2351       SH: 10    Dex: 16    Spells: 5/16 levels left

rFire    . . .     SeeInvis .     - Unarmed
rCold    . . .     Faith    .   c - +2 buckler {reflect}
rNeg     . . .     Spirit   .   (armour unavailable)
rPois    .         Reflect  +   (helmet restricted)
rElec    .         Harm     .   I - +1 cloak of Bafir {Int+4}
rCorr    .         Rampage  .   (no gloves)
MR       .....                  G - +1 pair of boots
Stlth    +.........             D - amulet of reflection
HPRegen  0.30/turn              q - ring of wizardry
MPRegen  0.15/turn              b - +4 ring of evasion

@: lethally poisoned (-4 -> -5)
A: breathe steam, unfitting armour, cold-blooded, AC +8
a: Breathe Steam, Potion Petition, Call Merchant, Bribe Branch, Renounce
Religion


You were on level 6 of the Lair of Beasts.
You worshipped Gozag.
Gozag was most pleased with you.
You visited 3 branches of the dungeon, and saw 19 of its levels.

You collected 4354 gold pieces.
You spent 1510 gold pieces at shops.
You paid 493 gold pieces to Gozag.

Inventory:

Missiles
 e - 6 datura-tipped darts {=f}
Armour
 c - a +2 buckler of reflection (worn)
 t - a +0 buckler
 G - a +1 pair of boots (worn)
 I - the +1 cloak of Bafir (worn) {Int+4}
   (You found it on level 8 of the Dungeon)

   It affects your intelligence (+4).
Jewellery
 b - a +4 ring of evasion (right hand)
 q - a ring of wizardry (left hand)
 u - an uncursed ring of magical power
 y - the amulet "Hetamning" {Spirit rF++ Int+7 Dex-4}
   (You bought it in a shop on level 10 of the Dungeon)

   [amulet of guardian spirit]

   It causes incoming damage to be split between your health and magic.
   It affects your intelligence (+7).
   It affects your dexterity (-4).
   It greatly protects you from fire.
 A - an uncursed amulet of faith {unknown}
 C - a +6 ring of strength
 D - an amulet of reflection (around neck)
 F - an uncursed amulet of the acrobat
 J - a +6 ring of dexterity {unknown}
 L - a +6 ring of intelligence
 M - an uncursed ring of stealth {unknown}
 O - a +6 ring of dexterity {unknown}
Wands
 l - a wand of flame (32)
 s - a wand of paralysis (20)
 x - a wand of acid (5)
 B - a wand of digging (12)
 H - a wand of random effects (15)
Scrolls
 d - 8 scrolls of enchant weapon
 g - 11 scrolls of remove curse
 m - 2 scrolls of fog
 n - a scroll of fear
 v - 8 scrolls of identify
 w - a scroll of blinking
 K - 3 scrolls of teleportation
 N - 2 scrolls of magic mapping
 P - 2 scrolls of amnesia
 Q - a scroll of vulnerability
Potions
 a - 4 potions of might
 f - 4 potions of haste
 h - 5 potions of curing
 i - 5 potions of brilliance
 j - 4 potions of heal wounds
 k - 4 potions of berserk rage
 o - 2 potions of resistance
 p - a potion of invisibility
 r - 2 potions of stabbing
 z - a potion of lignification
 E - a potion of magic
 R - a potion of flight {unknown}


   Skills:
 + Level 14.3 Fighting
 + Level 10.9 Dodging
 + Level 11.9 Unarmed Combat
 - Level 2.0 Spellcasting
 - Level 10.0 Transmutations
 + Level 8.9 Evocations


You had 5 spell levels left.
You knew the following spells:

 Your Spells              Type           Power        Failure   Level
b - Wereblood             Tmut           #####...     1%          2
c - Spider Form           Tmut/Pois      ###.......   4%          3
d - Blade Hands           Tmut           #####.....   6%          5
p - Beastly Appendage     Tmut           #####.       1%          1

Your spell library contained the following spells:

 Spells                   Type           Power        Failure   Level
 Animate Skeleton         Necr           #.....       12%         1
 Apportation              Tloc           #.....       12%         1
 Corona                   Hex            #......      12%         1
 Foxfire                  Conj/Fire      #...         12%         1
 Pain                     Necr           #...         12%         1
 Ice Form                 Ice/Tmut       ###.....     16%         4
 Ensorcelled Hibernation  Hex/Ice        #.....       17%         2
 Poisonous Vapours        Pois/Air       #.....       17%         2
 Confusing Touch          Hex            #.......     32%         3
 Conjure Flame            Conj/Fire      #.......     32%         3
 Dazzling Flash           Conj/Hex       #.....       32%         3
 Inner Flame              Hex/Fire       #.......     32%         3
 Lesser Beckoning         Tloc           #.........   32%         3
 Mephitic Cloud           Conj/Pois/Air  #.......     32%         3
 Tukima's Dance           Hex            #.......     32%         3
 Vampiric Draining        Necr           #.........   32%         3
 Alistair's Intoxication  Tmut/Pois      ###......    38%         5
 Animate Dead             Necr           #.........   71%         4
 Sticky Flame             Conj/Fire      #.......     71%         4
 Agony                    Necr           #.......     96%         5
 Fireball                 Conj/Fire      #.........   96%         5
 Freezing Cloud           Conj/Ice/Air   #.........   100%        6
 Invisibility             Hex            #.......     100%        6
 Starburst                Conj/Fire      #.........   100%        6


Dungeon Overview and Level Annotations

Branches:
Dungeon (12/15)            Temple (1/1) D:4            Lair (6/6) D:11
 Shoals (0/4) Lair:2        Snake (0/4) Lair:4          Orc (0/2) D:11
  Slime: Lair:5-6

Altars:
Ashenzari
Cheibriados
Dithmenos
Elyvilon
Fedhas
Gozag
Hepliaklqana
Kikubaaqudgha
Makhleb
Nemelex Xobeh
Okawaru
Qazlal
Ru
Sif Muna
Trog
Uskayaw
Vehumet
Wu Jian
Xom
Yredelemnul
Zin
The Shining One

Shops:
D:6 }*!(*   D:10 =*

Annotations:
D:9 3 runed translucent doors, pkoi's ghost, journeyman MiGl
Lair:1 exclusion: oklob plant
Lair:6 Snorg


Innate Abilities, Weirdness & Mutations

You can breathe blasts of scalding, opaque steam.
Your pale cyan-grey scales are hard. (AC +8)
You cannot fit into any form of body armour.
You are cold-blooded and may be slowed by cold attacks.


Message History

Unknown command.
Your hands revert to their normal proportions.
Your +2 buckler of reflection unmelds from your body.
You feel sick.
The blink frog is no longer distracted by gold.
You block the blink frog's attack. Snorg completely misses you.
Snorg misses you. You block Snorg's attack.
You see here 7 gold pieces.
Unknown command.
Unknown command.
The blink frog blinks!
Unknown command.
Unknown command.
Unknown command.
Unknown command.
You punch Snorg!
Snorg is almost dead.
Snorg bites you!!
You die...
Your body crumbles into a pile of gold.

.##P.#......# # #§.##.....#
P #...##...## P.F#.#P...##
............# .......F.P.
.....#.....## .........F
P##.......# #..T...## ##
###P##..# #.§...# ####..###
########..##
#P......###.##..$$...##P.#
..........F..@PF............
.##..##.#..#.PTF..P.....##P.
#.# ###P#######..####.# ##
### #### ##


You could see Snorg (berserk), a cane toad and 2 blink frogs.

Vanquished Creatures
  Fannar (D:11)
  6 hydras
  A catoblepas (Lair:3)
  A centaur warrior (D:11)
  3 death yaks (D:11)
  4 two-headed ogres
  Nergalle (D:12)
  Sonja (Lair:3)
  The ghost of looop the Martial Artist, a novice DsFi of Wu Jian (D:8)
  A manticore (Lair:2)
  3 ugly things
  A cyclops (D:12)
  A centaur zombie (D:12)
  4 black mambas
  7 cane toads
  Psyche (D:11)
  2 rime drakes
  7 komodo dragons
  3 trolls
  2 polar bears (Lair:5)
  2 hornets
  3 slime creatures (D:12)
  12 hippogriffs
  2 blink frogs (Lair:6)
  A vampire (D:12)
  A shadow (D:11)
  A spriggan (D:11)
  2 basilisks
  27 yaks
  2 soldier ants
  10 water moccasins
  8 porcupines
  7 orc warriors
  An eye of draining (D:12)
  2 phantoms
  3 ice beasts
  A necrophage (D:6)
  4 sky beasts
  13 wolves
  3 ogres
  12 centaurs
  7 crocodiles
  A big kobold (D:9)
  A gnoll sergeant (D:5)
  20 bullfrogs
  9 scorpions
  A water moccasin skeleton (D:6)
  7 killer bees
  5 wights (D:7)
  2 howler monkeys
  2 bullfrog zombies
  2 quasits
  8 hounds
  8 orc priests
  4 centaur skeletons
  5 jellies
  2 bullfrog skeletons
  8 orc wizards
  2 iguanas
  Ijyb (D:4)
  12 worker ants
  A killer bee zombie (D:9)
  2 hound zombies
  A hound skeleton (D:7)
  A howler monkey zombie (D:6)
  7 gnolls
  A howler monkey skeleton (D:4)
  3 river rats (D:11)
  15 adders
  3 shadow imps
  4 white imps
  An ufetubus (D:6)
  3 oozes
  3 adder skeletons
  3 worms
  2 dart slugs (D:1)
  6 leopard geckos
  43 orcs
  A ball python (D:1)
  5 giant cockroaches
  3 goblins (D:1)
  4 hobgoblins (D:1)
  8 jackals
  2 quokkas
  9 bats
  2 frilled lizards (D:1)
  16 kobolds
  2 leopard gecko skeletons
  A quokka zombie (D:6)
  12 rats
439 creatures vanquished.

Vanquished Creatures (others)
  A yak (Lair:6)
  15 fungi
  17 plants
33 creatures vanquished.

Grand Total: 472 creatures vanquished

Notes
Turn   | Place    | Note
-------+----------+-------------------------------------------
     0 | D:1      | lunkers the Draconian Transmuter began the quest for the
                  | Orb.
     0 | D:1      | Reached XP level 1. HP: 16/16 MP: 3/3
    81 | D:1      | Reached XP level 2. HP: 18/23 MP: 3/5
   534 | D:1      | Reached XP level 3. HP: 25/28 MP: 4/6
   542 | D:1      | Learned a level 2 spell: Wereblood
   546 | D:1      | Learned a level 3 spell: Spider Form
  1498 | D:2      | Found a sparkling altar of Nemelex Xobeh.
  1986 | D:3      | Reached XP level 4. HP: 35/35 MP: 3/7
  2729 | D:4      | Noticed Ijyb
  3031 | D:3      | Reached XP level 5. HP: 19/40 MP: 3/8
  3350 | D:4      | Paralysed by Ijyb for 2 turns
  3358 | D:4      | Killed Ijyb
  3374 | D:4      | Reached skill level 5 in Unarmed Combat
  3380 | D:4      | Reached XP level 6. HP: 30/47 MP: 3/9
  4105 | D:4      | Reached skill level 5 in Transmutations
  4264 | D:4      | Found a staircase to the Ecumenical Temple.
  4280 | Temple   | Entered the Ecumenical Temple
  4391 | Temple   | Became a worshipper of Gozag Ym Sagoz the Greedy
  5015 | D:5      | Entered Level 5 of the Dungeon
  5026 | D:5      | Your scales start taking on a pale cyan-grey colour.
  5026 | D:5      | Reached XP level 7. HP: 44/52 MP: 7/10
  6755 | D:6      | Reached XP level 8. HP: 59/59 MP: 8/11
  6934 | D:6      | Found Qiocraach's Gadget Emporium.
  7034 | D:6      | Found Icap's General Store.
  7207 | D:6      | Learned a level 5 spell: Blade Hands
  7225 | D:6      | Found Vucwec's Antique Weapon Shop.
  7238 | D:6      | Found Plog's Distillery.
  7271 | D:6      | Bought a potion of experience for 600 gold pieces
  7271 | D:6      | Reached skill level 6 in Fighting
  7271 | D:6      | Reached skill level 5 in Dodging
  7271 | D:6      | Reached skill level 10 in Unarmed Combat
  7271 | D:6      | Reached XP level 9. HP: 77/77 MP: 12/12
  7313 | D:6      | Found Setsiocil's General Store.
  7766 | D:7      | Reached skill level 10 in Transmutations
  7992 | D:7      | Reached XP level 10. HP: 72/84 MP: 7/13
  8188 | D:7      | Reached skill level 7 in Fighting
  8891 | D:8      | Noticed a two-headed ogre
  8900 | D:8      | Killed a two-headed ogre
  9627 | D:8      | Found a runed translucent door.
  9627 | D:8      | Noticed looop's ghost (novice DsFi)
  9873 | D:8      | Got a pitted cloak
  9881 | D:8      | Identified the +1 cloak of Bafir {Int+4} (You found it on
                  | level 8 of the Dungeon)
 10189 | D:8      | Identified a scroll of acquirement
 10189 | D:8      | Acquired a +2 buckler of reflection
 10216 | D:8      | Killed looop's ghost
 10216 | D:8      | Reached skill level 8 in Fighting
 10641 | D:9      | Noticed a two-headed ogre
 10654 | D:9      | Reached skill level 1 in Evocations
 10657 | D:9      | Killed a two-headed ogre
 10657 | D:9      | Reached XP level 11. HP: 77/95 MP: 5/14
 11085 | D:9      | Found a shimmering altar of Xom.
 11402 | D:9      | Found a runed translucent gate.
 11403 | D:9      | Found a runed translucent gate.
 11403 | D:9      | Noticed pkoi's ghost (journeyman MiGl)
 11404 | D:9      | Found a runed translucent gate.
 11510 | D:9      | Reached skill level 9 in Fighting
 11907 | D:10     | Entered Level 10 of the Dungeon
 12191 | D:10     | Found Eblaaf's General Store.
 12204 | D:10     | Bought a scroll of blinking for 120 gold pieces
 12652 | D:10     | Found Lieth's Jewellery Boutique.
 12655 | D:10     | Bought the amulet "Hetamning" {Spirit rF++ Int+7 Dex-4} for
                  | 790 gold pieces
 13072 | D:11     | Noticed Psyche
 13086 | D:11     | Killed Psyche
 13150 | D:11     | Found a staircase to the Lair.
 13251 | D:11     | Noticed a four-headed hydra
 13253 | D:11     | Noticed a centaur warrior
 13257 | D:11     | Killed a four-headed hydra
 13262 | D:11     | Killed a centaur warrior
 13262 | D:11     | Reached skill level 5 in Evocations
 13510 | D:11     | Noticed a death yak
 13510 | D:11     | Noticed a death yak
 13510 | D:11     | Noticed Fannar
 13510 | D:11     | Noticed a death yak
 13521 | D:11     | Killed Fannar
 13539 | D:11     | Killed a death yak
 13539 | D:11     | Reached skill level 10 in Fighting
 13548 | D:11     | Killed a death yak
 13551 | D:11     | HP: 2/99 [death yak (4)]
 14052 | D:11     | Killed a death yak
 14052 | D:11     | Reached XP level 12. HP: 94/106 MP: 15/15
 14191 | D:11     | Found a staircase to the Orcish Mines.
 15160 | D:12     | Noticed a two-headed ogre
 15167 | D:12     | Killed a two-headed ogre
 15246 | D:12     | Reached skill level 11 in Fighting
 15392 | D:12     | Noticed a two-headed ogre
 15397 | D:12     | Killed a two-headed ogre
 15901 | D:12     | Reached skill level 10 in Dodging
 16361 | D:12     | Reached skill level 12 in Fighting
 16623 | D:12     | Noticed Nergalle
 16632 | D:12     | Killed Nergalle
 16977 | Lair:1   | Entered Level 1 of the Lair of Beasts
 16990 | Lair:1   | Reached skill level 13 in Fighting
 17362 | Lair:1   | Reached XP level 13. HP: 122/122 MP: 10/16
 18398 | Lair:2   | Found a staircase to the Shoals.
 19164 | Lair:3   | Noticed Sonja
 19168 | Lair:3   | Killed Sonja
 19506 | Lair:3   | You fall into a shaft and drop 1 floor!
 20230 | Lair:3   | Reached skill level 14 in Fighting
 20832 | Lair:4   | Found a staircase to the Snake Pit.
 21226 | Lair:4   | Identified the Tome of the Shifting Blaze
 23559 | Lair:6   | Entered Level 6 of the Lair of Beasts
 23641 | Lair:6   | Noticed Snorg
 23671 | Lair:6   | Slain by Snorg

Illustrated notes

Levels and vault maps discovered:
D:1:      sevenhm_arrival_forest_fort_large_4, layout_rooms
D:2:      layout_loops_cross, overflow_temple_1_default, nrook_loot_triangle
D:3:      layout_basic, grunt_ministairs_11, hex_intersection
D:4:      layout_cave_pools, minmay_temple_entry_stoned_glass, serial_forest,
          infiniplex_forest_clump_curved, infiniplex_forest_clump_curved,
          infiniplex_forest_straight_4, infiniplex_forest_straight_2,
          infiniplex_forest_end_1, uniq_ijyb
D:5:      layout_cave_pods
D:6:      layout_basic, serial_shops, shop, shop, kennysheep_mini, shop,
          nicolae_shop_behind_doors
D:7:      layout_basic
D:8:      old_forge, layout_cave_pools, hellmonk_ghost_happy_afterlife
D:9:      layout_layer_cave, gammafunk_ghost_nasty_kobolds, basic_altar,
          dk_noncrumbling_3
D:10:     layout_irregular_city, serial_shops, shop, shop
D:11:     layout_roguey, dpeg_lair_monsters, the_bakery, uniq_fannar,
          uniq_psyche
D:12:     layout_irregular_city, uniq_nergalle
Temple:   nicolae_temple_the_god_donut
Lair:1:   layout_roguey, dpeg_stationary_puzzle
Lair:2:   layout_big_grid, minmay_shoals_entry_beasts
Lair:3:   layout_chaotic_city, beast_lair_carwin_6, lemuel_fruit_tree,
          uniq_sonja
Lair:4:   layout_layer_cave, guppyfry_snake_entry_garden
Lair:5:   layout_small_grid
Lair:6:   evil_forest, layout_regular_city, nicolae_slime_entry_slimehenge,
          minmay_lindwurm_lava, uniq_snorg

Skill      XL: |  1  2  3  4  5  6  7  8  9 10 11 12 13 |
---------------+----------------------------------------+-----
Transmutations | 3 4 5 6 9 10 | 10.0
Unarmed Combat | 4 5 6 7 10 11 | 11.9
Fighting       | 6 8 10 13 14 | 14.3
Dodging        | 5 7 8 10 | 10.9
Evocations     | 2 6 7 8 |  8.9
Spellcasting   | |  2.0

Action                   |  1- 3 |  4- 6 |  7- 9 | 10-12 | 13-15 || total
-------------------------+-------+-------+-------+-------+-------++-------
Melee: Unarmed           |   109 |   118 |   213 |   642 |   303 ||  1385
       Kick              |    22 |       |     1 |       |     3 ||    26
       Headbutt          |    10 |       |     1 |       |     3 ||    14
       Tailslap          |     5 |     1 |    10 |    63 |    40 ||   119
       Punch             |     1 |       |     2 |    19 |     9 ||    31
 Cast: Beastly Appendage |    24 |       |     1 |       |     1 ||    26
       Spider Form       |     1 |    19 |    20 |       |       ||    40
       Blade Hands       |       |       |     3 |    78 |    38 ||   119
       Wereblood         |       |       |       |     1 |       ||     1
Invok: Potion Petition   |       |       |       |     1 |       ||     1
Evoke: Wand              |       |       |       |     8 |    13 ||    21
  Use: Scroll            |     1 |     7 |     3 |    14 |     4 ||    29
       Potion            |       |       |     1 |       |       ||     1
 Stab: Sleeping          |     1 |       |     2 |     2 |     2 ||     7
       Distracted        |       |       |       |     4 |     2 ||     6
       Held in net/web   |       |       |       |     3 |       ||     3
       Paralysed         |       |       |       |       |     1 ||     1
Armor: Skin              |    22 |     6 |    27 |    79 |    48 ||   182
Dodge: Dodged            |    61 |    94 |   194 |   393 |   373 ||  1115
Block: Other             |       |       |    11 |    45 |    59 ||   115
       Reflection        |       |       |     3 |     8 |       ||    11
       Buckler           |       |       |       |    57 |   108 ||   165

Table legend: (Time is in decaauts)
 A = Elapsed time spent in this place.
 B = Non-inter-level travel time spent in this place.
 C = Inter-level travel time spent in this place.
 D = Time resting spent in this place.
 E = Time spent auto-exploring this place.
 F = Levels seen in this place.
 G = Mean time per level.
                   A        B        C        D        E       F      G
               +--------+--------+--------+--------+--------+-----+--------+
         Total |  23441 |  22774 |    667 |   1563 |  18281 |  19 | 1233.7 |
       Dungeon |  16697 |  16190 |    507 |   1563 |  12342 |  12 | 1391.4 |
        Temple |    116 |     94 |     22 |      0 |     16 |   1 |  116.0 |
          Lair |   6627 |   6489 |    138 |      0 |   5923 |   6 | 1104.5 |
               +--------+--------+--------+--------+--------+-----+--------+

Top non-repeatable levels by time:
     D:3: 2121 daAuts
    D:12: 2092 daAuts
  Lair:4: 1847 daAuts
     D:9: 1545 daAuts
  Lair:5: 1508 daAuts
    D:11: 1488 daAuts
     D:7: 1488 daAuts
     D:8: 1442 daAuts
    D:10: 1417 daAuts
  Lair:3: 1305 daAuts
     D:4: 1264 daAuts
     D:5: 1241 daAuts
  Lair:1: 1056 daAuts
     D:1: 981 daAuts
     D:6: 905 daAuts
